 Dungeon Crawl Stone Soup version 0.25-a0-341-g6f074c887a (webtiles) character file.

Game seed: 2852957774848724113, levelgen mode: deterministic

15603 Goblin1989 the Slicer (level 12, 0/64 HPs)
             Began as a Vine Stalker Fighter on Dec 30, 2019.
             Was a High Priest of Wu Jian.
             Slain by a two-headed ogre
             ... wielding a +0 giant spiked club
              (7 damage)
             ... on level 11 of the Dungeon.
             The game lasted 00:22:49 (10215 turns).

Goblin1989 the Slicer (Vine Stalker Fighter)       Turns: 10215, Time: 00:22:50

Health: 0/64       AC: 17    Str: 26    XL:     12   Next: 28%
Magic:  0/15       EV:  8    Int:  8    God:    Wu Jian [*****.]
Gold:   566        SH: 12    Dex: 14    Spells: 11/11 levels left

rFire    + . .     SeeInvis .   a - +0 rapier
rCold    . . .     Gourm    +   c - +0 shield
rNeg     . . .     Faith    .   N - +1 plate armour {rPois}
rPois    +         Spirit   +   C - +1 helmet
rElec    .         Reflect  .   (no cloak)
rCorr    .         Harm     .   W - +0 pair of gloves
MR       +....                  (no boots)
Stlth    ..........             I - amulet of the gourmand
HPRegen  1.00/turn              i - +2 ring of strength
MPRegen  0.14/turn              f - ring of protection from fire

@: barbed spikes
A: fangs 3, regeneration 2, magic shield, antimagic bite, no potion heal 3, rot
immunity
a: Wall Jump, Serpent's Lash, Heavenly Storm, Renounce Religion


You were on level 11 of the Dungeon.
You worshipped Wu Jian.
Wu Jian was extremely pleased with you.
You were completely stuffed.

You visited 2 branches of the dungeon, and saw 12 of its levels.
You also visited: Sewer and Ossuary.

You collected 566 gold pieces.

Inventory:

Hand Weapons
 a - a +0 rapier (weapon)
 x - a +0 dagger of distortion {!w}
 y - a +2 dagger of freezing
 z - a +2 dagger of venom
 G - a +0 hand crossbow
 H - a +2 scimitar of flaming
 Y - a cursed -3 dagger
Missiles
 r - 5 curare-tipped darts
 F - 87 bolts
 Z - 5 throwing nets (quivered) {!d , @Q1}
Armour
 c - a +0 shield (worn)
 C - a +1 helmet (worn)
 N - a +1 plate armour of poison resistance (worn)
 W - a +0 pair of gloves (worn)
Jewellery
 f - a ring of protection from fire (right hand)
 i - a +2 ring of strength (left hand)
 v - an uncursed ring of ice
 A - an uncursed ring of fire
 I - an amulet of the gourmand (around neck)
 U - an uncursed amulet of the acrobat
Wands
 u - a wand of iceblast (9) {@v4}
 E - a wand of enslavement (9)
 L - a wand of paralysis (26) {@v7}
Scrolls
 o - 6 scrolls of teleportation {unknown}
 s - 9 scrolls of identify {unknown}
 B - 5 scrolls of blinking
 J - 2 scrolls of summoning {unknown}
 M - 4 scrolls of magic mapping
 R - 4 scrolls of remove curse {@r3}
 S - 2 scrolls of enchant armour
 V - 2 scrolls of random uselessness {unknown}
Potions
 d - a potion of might {@q4}
 h - 4 potions of haste {unknown}
 l - 4 potions of flight {unknown}
 n - 4 potions of berserk rage {unknown}
 p - 8 potions of curing {unknown}
 t - 2 potions of lignification {unknown}
 w - 4 potions of ambrosia {unknown}
 K - 2 potions of mutation {unknown}
 O - 2 potions of agility {unknown}
 P - 3 potions of magic {unknown}
 Q - a potion of degeneration {unknown}
 T - a potion of cancellation {unknown}
 X - a potion of brilliance {unknown}
Miscellaneous
 q - a phial of floods
Comestibles
 e - 27 rations
 D - 11 chunks of flesh


   Skills:
 + Level 8.0 Fighting
 * Level 10.6 Short Blades
 + Level 7.3 Armour
 + Level 5.1 Dodging
 + Level 8.0 Shields
 + Level 3.8 Evocations


You had 11 spell levels left.
You didn't know any spells.
Your spell library contained the following spells:

 Spells                   Type           Power        Failure   Level  Hunger
 Animate Skeleton         Necr           N/A          100%        1    ##.....
 Apportation              Tloc           #.....       100%        1    ##.....
 Confusing Touch          Hex            #.....       100%        1    ##.....
 Pain                     Necr           #...         100%        1    ##.....
 Summon Small Mammal      Summ           #...         100%        1    ##.....
 Regeneration             Chrm/Necr      #.........   100%        3    ####...
 Vampiric Draining        Necr           #.........   100%        3    ####...
 Animate Dead             Necr           N/A          100%        4    #####..
 Bolt of Magma            Conj/Fire/Erth #.........   100%        5    ######.
 Iskenderun's Battlesphe  Conj/Chrm      #.......     100%        5    ######.
 Iron Shot                Conj/Erth      #.........   100%        6    #######
 Orb of Destruction       Conj           #.........   100%        7    #######
 Spellforged Servitor     Conj/Summ      #.........   100%        7    #######


Dungeon Overview and Level Annotations

Branches:
Dungeon (11/15)            Temple (1/1) D:5            Lair (0/6) D:11
    Orc (0/2) D:10          Sewer (visited)         Ossuary (visited)

Altars:
Dithmenos
Elyvilon
Gozag
Hepliaklqana
Kikubaaqudgha
Okawaru
Trog
Vehumet
Wu Jian
Xom
The Shining One

Annotations:
D:11 4 runed translucent doors


Innate Abilities, Weirdness & Mutations

You have razor-sharp teeth.
You heal very quickly.
When hurt, damage is shared between your health and your magic reserves.
Your bite disrupts and absorbs the magic of your enemies.
Potions cannot restore your health.
You are immune to rotting.


Message History

You barely miss the iguana. You bite the iguana.
You kill the iguana!
The Council accepts your kill.
Health restored: 64 No target in view!
No target in view!
No target in view!
No target in view!
No target in view!
No target in view!
No target in view!
No target in view!
No target in view!
No target in view!
No target in view!
No target in view!
No target in view!
No target in view!
No target in view!
No target in view!
No target in view!
A two-headed ogre comes into view.
It is wielding a +0 giant spiked club and a -3 giant club.
The two-headed ogre shouts in stereo!
MP restored: 15 A two-headed ogre is nearby!
A two-headed ogre is nearby!
You hit the two-headed ogre but do no damage.
You bite the two-headed ogre. You drain its power.
The two-headed ogre is lightly wounded.
The two-headed ogre hits you with a +0 giant spiked club!!
You block the two-headed ogre's attack.
A manticore comes into view.
You take 18 damage, and have 46/64 hp.
MASSIVE DAMAGE!!
You now have 11/15 mp.
You closely miss the two-headed ogre.
You bite the two-headed ogre, but do no damage.
The two-headed ogre is lightly wounded.
Unknown command.
You hit the two-headed ogre. You bite the two-headed ogre! You drain its power.
You feel invigorated.
The two-headed ogre is moderately wounded.
The two-headed ogre hits you with a +0 giant spiked club!
The two-headed ogre closely misses you.
You take 9 damage, and have 37/64 hp.
Unknown command.
You are too injured to fight recklessly!
Unknown command.
You are too injured to fight recklessly!
Unknown command.
You are too injured to fight recklessly!
Unknown command.
You are too injured to fight recklessly!
Unknown command.
You hit the two-headed ogre. Your bite misses the two-headed ogre.
The two-headed ogre is moderately wounded.
The two-headed ogre hits you with a +0 giant spiked club!!
* * * LOW HITPOINT WARNING * * *
The two-headed ogre hits you with a cursed -3 giant club.
* * * LOW HITPOINT WARNING * * *
You take 24 damage, and have 13/64 hp.
MASSIVE DAMAGE!!
You now have 3/15 mp.
The manticore flicks its tail.
The volley of spikes hits you but does no damage.
The manticore flicks its tail.
The volley of spikes hits you!
The barbed spikes become lodged in your body.
* * * LOW HITPOINT WARNING * * *
You take 14 damage, and have 7/64 hp.
MASSIVE DAMAGE!!
You now have 2/15 mp.
The barbs in your skin will harm you if you move.
Continue?
Okay, then.
Evoke which item? (* to show all) (? for menu, Esc to quit)
Aiming: Iceblast
Press: ? - help, Shift-Dir - straight line, f - two-headed ogre
Aim: a two-headed ogre, wielding a +0 giant spiked club and a -3 giant club (moderately wounded)
The mass of ice explodes!
The iceblast engulfs the two-headed ogre!
The two-headed ogre is heavily wounded.
You hit the two-headed ogre but do no damage.
You bite the two-headed ogre. You drain its power.
You feel invigorated.
The two-headed ogre is heavily wounded.
You block the two-headed ogre's attack. x2
You regained 5 mp, and now have 7/15 mp.
You hit the two-headed ogre. You bite the two-headed ogre. You drain its power.
You feel invigorated.
The two-headed ogre is severely wounded.
MP restored: 15 You completely miss the two-headed ogre.
You bite the two-headed ogre. You drain its power.
The two-headed ogre is almost dead.
The two-headed ogre misses you.
The two-headed ogre hits you with a cursed -3 giant club!
* * * LOW HITPOINT WARNING * * *
You take 3 damage, and have 6/64 hp.
You now have 9/15 mp.
You puncture the two-headed ogre!
You bite the two-headed ogre, but do no damage.
The two-headed ogre is almost dead.
Unknown command.
You hit the two-headed ogre.
You bite the two-headed ogre, but do no damage.
The two-headed ogre is almost dead.
The two-headed ogre hits you with a +0 giant spiked club!
You die... ......... █.█ ......... █.█ █..█ ......... █.█ █..█ ......... █.█ █..█ ......... █H█

█..█ ......... █.█
█..█ ÷(.......
█.████..█ ÷........
█....H..█ .........
█....O@.█ .........
█..████.█ .........
█..█ █.█ █
.........██..█
█.████.█
.............█
█......█
.........█...█
█......█
.........█...█
█.████.█
.........█...█ █.█
█
.........█...████.█


You could see a two-headed ogre and a manticore.

Vanquished Creatures
  Harold (D:8)
  Erica (D:8)
  5 two-headed ogres
  Sonja (D:10)
  An ugly thing (D:11)
  A centaur zombie (D:10)
  A komodo dragon (D:11)
  2 trolls
  A merfolk (D:10)
  2 hornets
  Grinder (D:3)
  2 hippogriffs
  Sigmund (D:3)
  9 yaks
  A vampire (D:11)
  A wraith (D:10)
  2 wyverns (D:11)
  A soldier ant (D:11)
  An acid dragon (D:11)
  Purgy (Sewer)
  3 black bears
  2 ice beasts
  7 orc warriors
  2 sky beasts
  3 phantoms
  A necrophage (D:9)
  3 ogres
  5 centaurs
  A gnoll sergeant (D:7)
  4 bullfrogs
  A wyvern zombie (D:7)
  3 scorpions
  A wyvern skeleton (D:11)
  3 wights (D:11)
  A howler monkey (D:7)
  3 crimson imps (D:8)
  2 bullfrog skeletons (D:11)
  4 centaur skeletons
  12 orc priests
  5 hounds
  3 jellies
  13 orc wizards
  3 iguanas
  4 worker ants
  5 big kobold zombies (Ossuary)
  2 hound skeletons
  2 mummies (Ossuary)
  A worker ant zombie (D:5)
  Robin (D:3)
  10 gnolls
  A howler monkey skeleton (D:7)
  A river rat (D:6)
  11 adders
  2 shadow imps
  3 oozes
  3 adder zombies
  An adder skeleton (D:4)
  A worm (D:6)
  2 dart slugs
  8 leopard geckos
  51 orcs
  3 ball pythons
  8 giant cockroaches
  15 goblins
  10 hobgoblins
  12 jackals
  6 quokkas
  5 bats
  5 frilled lizards
  A goblin zombie (Ossuary)
  6 hobgoblin zombies (Ossuary)
  2 jackal zombies (Ossuary)
  10 kobolds
  9 kobold zombies (Ossuary)
  11 orc zombies (Ossuary)
  A quokka zombie (D:8)
  8 rats
  3 rat zombies (Ossuary)
345 creatures vanquished.

Vanquished Creatures (others)
  6 plants (D:11)
6 creatures vanquished.

Grand Total: 351 creatures vanquished

Notes
Turn   | Place    | Note
-------+----------+-------------------------------------------
     0 | D:1      | Goblin1989 the Vine Stalker Fighter began the quest for the
                  | Orb.
     0 | D:1      | Reached XP level 1. HP: 11/11 MP: 2/2
   160 | D:1      | Reached skill level 2 in Short Blades
   161 | D:1      | Reached XP level 2. HP: 16/16 MP: 3/3
   672 | D:2      | Reached XP level 3. HP: 16/19 MP: 4/4
  1429 | D:3      | Gained mutation: Your natural rate of healing is unusually
                  | fast. [Vine Stalker growth]
  1429 | D:3      | Reached XP level 4. HP: 18/24 MP: 5/5
  1553 | D:3      | Reached skill level 3 in Short Blades
  1604 | D:3      | Reached XP level 5. HP: 28/28 MP: 6/6
  1883 | D:3      | Noticed Sigmund
  1899 | D:3      | Killed Sigmund
  1899 | D:3      | Reached XP level 6. HP: 17/33 MP: 5/7
  2196 | D:3      | Noticed Robin
  2200 | D:3      | Reached skill level 4 in Short Blades
  2202 | D:3      | Noticed Grinder
  2213 | D:3      | Killed Robin
  2249 | D:3      | Paralysed by Grinder for 2 turns
  2310 | D:3      | Killed Grinder
  2310 | D:3      | Reached XP level 7. HP: 37/37 MP: 8/8
  2765 | D:4      | Found a sand-covered staircase.
  2770 | Ossuary  | Entered an ossuary
  2914 | Ossuary  | Reached skill level 5 in Short Blades
  3257 | D:4      | Gained mutation: You have razor-sharp teeth. [Vine Stalker
                  | growth]
  3257 | D:4      | Reached XP level 8. HP: 4/42 MP: 7/9
  3560 | D:5      | Entered Level 5 of the Dungeon
  4120 | D:5      | Found a staircase to the Ecumenical Temple.
  4133 | Temple   | Entered the Ecumenical Temple
  4156 | Temple   | Became a worshipper of the Wu Jian Council
  4315 | D:6      | Found a glowing drain.
  4336 | Sewer    | Entered a sewer
  4432 | Sewer    | Noticed Purgy
  4442 | Sewer    | Killed Purgy
  4538 | D:6      | Reached skill level 6 in Short Blades
  4686 | D:6      | Reached skill level 5 in Fighting
  5006 | D:6      | Reached skill level 5 in Shields
  5222 | D:7      | Reached XP level 9. HP: 37/47 MP: 10/10
  5242 | D:7      | Reached * piety under Wu Jian
  5258 | D:7      | Reached skill level 7 in Short Blades
  5851 | D:7      | Reached skill level 5 in Armour
  5851 | D:7      | Reached skill level 1 in Dodging
  6555 | D:8      | Reached ** piety under Wu Jian
  6576 | D:8      | Noticed Erica
  6616 | D:8      | Killed Erica
  6633 | D:8      | Reached skill level 8 in Short Blades
  6633 | D:8      | Reached XP level 10. HP: 37/53 MP: 11/11
  6675 | D:8      | Found an ancient bone altar of Kikubaaqudgha.
  6717 | D:8      | Noticed a two-headed ogre
  6718 | D:8      | Noticed Harold
  6726 | D:8      | Found an opulent altar of Gozag.
  6765 | D:8      | Killed a two-headed ogre
  6868 | D:8      | Killed Harold
  7529 | D:8      | Reached skill level 9 in Short Blades
  7688 | D:9      | Noticed a two-headed ogre
  7697 | D:9      | Killed a two-headed ogre
  7717 | D:9      | Noticed a two-headed ogre
  7743 | D:9      | Killed a two-headed ogre
  7743 | D:9      | Reached skill level 1 in Evocations
  7743 | D:9      | Reached XP level 11. HP: 22/58 MP: 9/13
  7838 | D:9      | Noticed a two-headed ogre
  7856 | D:9      | Killed a two-headed ogre
  8069 | D:9      | Reached *** piety under Wu Jian
  8493 | D:10     | Entered Level 10 of the Dungeon
  8636 | D:10     | Paralysed by a hornet for 1 turns
  8807 | D:10     | Noticed Sonja
  8817 | D:10     | Killed Sonja
  8918 | D:10     | Reached skill level 10 in Short Blades
  9272 | D:10     | Reached **** piety under Wu Jian
  9305 | D:10     | Paralysed by an orc for 5 turns
  9362 | D:10     | Found a staircase to the Orcish Mines.
  9591 | D:11     | Found a hazy altar of Hepliaklqana.
  9669 | D:11     | Found a large runed translucent door.
  9670 | D:11     | Found a large runed translucent door.
  9672 | D:11     | Found a large runed translucent door.
  9672 | D:11     | Found a large runed translucent door.
  9677 | D:11     | Noticed a two-headed ogre
  9695 | D:11     | Gained mutation: You heal very quickly. [Vine Stalker
                  | growth]
  9695 | D:11     | Reached XP level 12. HP: 64/64 MP: 15/15
  9698 | D:11     | Noticed a two-headed ogre
  9709 | D:11     | Killed a two-headed ogre
  9709 | D:11     | Reached skill level 5 in Dodging
 10027 | D:11     | Reached ***** piety under Wu Jian
 10144 | D:11     | Found a staircase to the Lair.
 10193 | D:11     | Noticed a two-headed ogre
 10215 | D:11     | Slain by a two-headed ogre

Levels and vault maps discovered:
D:1:      ebering_trefoil_twist, layout_loops_ring
D:2:      kb_forest_paths, layout_loops_ring, minmay_circled_x
D:3:      layout_basic, uniq_robin, uniq_sigmund, uniq_grinder
D:4:      layout_cave_pools, enter_ossuary_2
D:5:      layout_loops_ring, minmay_temple_entry_fiery, first_ration,
          serial_bayou_pond_d, st_stairs_8
D:6:      layout_cave_pods, portal_sewer_entry_b
D:7:      layout_basic
D:8:      layout_basic, grunt_temple_overflow_open, uniq_erica, uniq_harold
D:9:      layout_loops_ring
D:10:     layout_long_grid, erik_orc_4, hangedman_fish_farm, uniq_sonja
D:11:     layout_long_grid, david_lair_shrubbed, basic_altar,
          minmay_hollow_rounded_squares
Temple:   regret_index_temple_chain_breaker

Skill      XL: |  1  2  3  4  5  6  7  8  9 10 11 12 |
---------------+-------------------------------------+-----
Short Blades   | 2 3 4 5 6 8 9 10 | 10.6
Fighting       | 3 4 5 6 7 8 |  8.0
Shields        | 3 4 5 6 7 8 |  8.0
Armour         | 3 4 5 6 7 |  7.3
Dodging        | 2 3 4 5 |  5.1
Evocations     | 1 3 |  3.8

Action                   |  1- 3 |  4- 6 |  7- 9 | 10-12 || total
-------------------------+-------+-------+-------+-------++-------
Melee: Rapier            |    92 |   106 |   539 |   683 ||  1420
       Bite              |    28 |    32 |   198 |   319 ||   577
       Dagger            |       |       |    13 |       ||    13
Invok: Lunge             |       |       |    19 |    33 ||    52
Evoke: Wand              |       |       |       |     2 ||     2
  Use: Scroll            |       |       |     8 |     1 ||     9
 Stab: Paralysed         |       |       |       |     1 ||     1
  Eat: Chunk             |     2 |     3 |    10 |    33 ||    48
       Ration            |       |       |     1 |       ||     1
Armor: Scale mail        |    42 |    27 |    57 |       ||   126
       Plate armour      |       |       |   174 |   197 ||   371
Dodge: Dodged            |    25 |    23 |    91 |   119 ||   258
Block: Shield            |    49 |    33 |   227 |   256 ||   565

Table legend:
 A = Non-vault XP
 B = Vault XP
 C = Vault XP percentage of total XP
 D = Non-vault monster count
 E = Vault monster count
 F = Vault count percentage of total count
                 A         B        C        D         E       F
            +---------+---------+-------+---------+---------+-------
      Total |   15165 |    7125 |  32.0 |     237 |     108 |  31.3
            +---------+---------+-------+---------+---------+-------
        D:1 |      21 |       0 |   0.0 |      13 |       0 |   0.0
        D:2 |      29 |      26 |  47.3 |       8 |      10 |  55.6
        D:3 |     154 |     550 |  78.1 |      31 |      13 |  29.5
        D:4 |     307 |       0 |   0.0 |      19 |       0 |   0.0
        D:5 |     251 |      16 |   6.0 |      11 |       1 |   8.3
        D:6 |     424 |      24 |   5.4 |       9 |       7 |  43.8
        D:7 |    1347 |       0 |   0.0 |      38 |       0 |   0.0
        D:8 |    2490 |    1962 |  44.1 |      36 |       2 |   5.3
        D:9 |    5254 |       0 |   0.0 |      24 |       0 |   0.0
       D:10 |    2466 |    1503 |  37.9 |      25 |      16 |  39.0
       D:11 |    2422 |    2700 |  52.7 |      23 |      14 |  37.8
      Sewer |       0 |     143 | 100.0 |       0 |       6 | 100.0
    Ossuary |       0 |     201 | 100.0 |       0 |      39 | 100.0
            +---------+---------+-------+---------+---------+-------

Levels and vault maps discovered:
D:1:      ebering_trefoil_twist, layout_loops_ring
D:2:      kb_forest_paths, layout_loops_ring, minmay_circled_x
D:3:      layout_basic, uniq_robin, uniq_sigmund, uniq_grinder
D:4:      layout_cave_pools, enter_ossuary_2
D:5:      layout_loops_ring, minmay_temple_entry_fiery, first_ration,
          serial_bayou_pond_d, st_stairs_8
D:6:      layout_cave_pods, portal_sewer_entry_b
D:7:      layout_basic
D:8:      layout_basic, grunt_temple_overflow_open, uniq_erica, uniq_harold
D:9:      layout_loops_ring
D:10:     layout_long_grid, erik_orc_4, hangedman_fish_farm, uniq_sonja
D:11:     layout_long_grid, david_lair_shrubbed, basic_altar,
          minmay_hollow_rounded_squares
Temple:   regret_index_temple_chain_breaker
